Map: Proxima Station LE

Players

LiquidSnute (Snute)

  • Race: Zerg Zerg
  • League: Master
  • Spawn Location: 7:00

Harstem - Winner!

  • Race: Protoss Protoss
  • League: Master
  • Spawn Location: 1:00

Event: HomeStory Cup XV

VOD

Have the link to the VOD?

Description

Time

  • Played on: July 22, 2017, 12:11 p.m.
  • Length: 7:30

All games in this series

Show
View Real Time Build Order
Export as new Build Order

LiquidSnute Zerg 

Build Orders: Hatch First 

Get SALT Encoding   

  12  0:00  Drone  
  13  0:12  Overlord  
  13  0:17  Drone  
  14  0:30  Drone x2  
  14  0:34  Drone  
  17  0:53  Hatchery  
  17  0:54  Drone  
  17  0:58  Drone  
  17  1:01  Extractor  
  17  1:14  Spawning Pool  
  17  1:17  Drone  
  17  1:20  Drone  
  18  1:28  Drone  
  19  1:38  Overlord  
  19  1:49  Drone  
  20  2:00  Queen, Drone  
  23  2:02  Metabolic Boost  
  23  2:04  Queen  
  26  2:08  Drone  
  26  2:10  Drone  
  26  2:15  Drone  
  28  2:23  Drone  
  28  2:27  Drone  
  30  2:34  Hatchery  
  30  2:37  Drone  
  30  2:40  Drone  
  30  2:42  Overlord  
  31  2:49  Queen  
  33  2:52  Zergling x2  
  33  2:54  Zergling x2  
  35  2:59  Zergling x2  
  35  3:04  Zergling x2  
  37  3:08  Zergling x2  
  37  3:09  Drone  
  37  3:10  Drone x2  
  37  3:11  Overlord  
  37  3:12  Drone  
  42  3:14  Drone  
  42  3:16  Drone  
  44  3:24  Overlord  
  44  3:30  Queen  
  44  3:31  Queen  
  48  3:35  Drone x2  
  48  3:38  Overlord  
  49  3:42  Drone x2  
  49  3:44  Drone  
  49  3:45  Drone  
  49  3:48  Drone  
  53  3:49  Drone  
  53  3:50  Drone  
  53  3:51  Drone  
  56  3:59  Roach Warren  
  56  4:00  Drone  
  56  4:01  Drone  
  56  4:02  Drone  
  58  4:06  Queen  
  60  4:14  Drone x4  
  64  4:19  Queen  
  64  4:20  Overlord  
  64  4:21  Drone  
  64  4:24  Drone  
  68  4:26  Spore Crawler  
  68  4:28  Spore Crawler  
  65  4:34  Zergling x10  
  65  4:38  Spore Crawler  
  64  4:44  Zergling x6  
  62  4:50  Drone  
  62  4:51  Drone x3  
  66  4:53  Drone  
  66  4:56  Drone x2  
  69  5:00  Drone  
  69  5:01  Drone x2  
  69  5:02  Drone x2  
  69  5:04  Drone  
  69  5:06  Drone x2  
  77  5:08  Drone  
  77  5:12  Extractor  
  77  5:13  Lair  
  77  5:14  Drone  
  77  5:16  Drone  
  77  5:19  Drone  
  80  5:23  Drone  
  80  5:27  Overlord  
  80  5:28  Extractor, Drone  
  80  5:29  Extractor  
  80  5:31  Extractor  
  79  5:37  Drone x2  
  81  5:44  Evolution Chamber, Overlord  
  81  5:45  Baneling Nest  
  81  5:46  Drone x3  
  81  5:47  Drone x4  
  86  5:57  Drone x3  
  86  6:00  Overlord  
  86  6:03  Overlord  
  89  6:11  Infestation Pit, Hatchery  
  88  6:13  Roach  
  88  6:14  Roach x3  
  88  6:15  Overseer  
  92  6:27  Roach x5  
  92  6:31  Roach x2  
  92  6:32  Roach x3  
  96  6:41  Roach x2  
  96  6:44  Zergling x2  
  96  6:45  Zergling x6  
  88  6:54  Roach x2  
  74  6:57  Zergling x6  
  74  6:58  Zergling x4  
  71  7:03  Zergling x2  
  71  7:04  Zergling x2  
  64  7:09  Roach  
  64  7:11  Roach  
Show
View Real Time Build Order
Export as new Build Order

Harstem Protoss - Winner!

Build Orders: 1 Gate Expand, Zealot Archon, Dark Templar Rush 

Get SALT Encoding   

  12  0:00  Probe (Chrono Boost)  
  13  0:11  Probe (Chrono Boost)  
  14  0:17  Pylon  
  14  0:22  Probe (Chrono Boost)  
  16  0:35  Probe (Chrono Boost)  
  16  0:38  Gateway  
  16  0:46  Probe (Chrono Boost)  
  16  0:49  Assimilator  
  17  0:56  Probe (Chrono Boost)  
  18  1:07  Probe (Chrono Boost)  
  19  1:17  Probe (Chrono Boost)  
  20  1:23  Nexus  
  20  1:32  Cybernetics Core  
  20  1:36  Probe (Chrono Boost)  
  21  1:46  Probe (Chrono Boost), Assimilator  
  22  1:51  Pylon  
  22  1:57  Probe (Chrono Boost)  
  23  2:09  Adept  
  23  2:10  Probe (Chrono Boost), Warp Gate  
  26  2:20  Twilight Council  
  26  2:22  Probe (Chrono Boost)  
  27  2:32  Probe (Chrono Boost)  
  27  2:36  Probe (Chrono Boost)  
  29  2:39  Robotics Facility  
  29  2:47  Probe (Chrono Boost)  
  29  2:50  Probe (Chrono Boost)  
  34  2:58  Probe (Chrono Boost)  
  34  3:01  Probe (Chrono Boost)  
  34  3:02  Dark Shrine  
  33  3:09  Probe (Chrono Boost)  
  33  3:11  Probe (Chrono Boost)  
  35  3:13  Gateway  
  36  3:21  Probe (Chrono Boost)  
  36  3:22  Warp Prism (Chrono Boost)  
  39  3:27  Pylon  
  39  3:30  Mothership Core (Chrono Boost)  
  41  3:34  Probe (Chrono Boost)  
  41  3:46  Probe (Chrono Boost), Pylon  
  42  3:49  Probe (Chrono Boost)  
  43  3:56  Assimilator  
  43  3:58  Probe (Chrono Boost)  
  43  3:59  Probe (Chrono Boost), Pylon  
  45  4:08  Probe (Chrono Boost)  
  47  4:10  Probe (Chrono Boost)  
  47  4:19  Probe (Chrono Boost)  
  47  4:20  Dark Templar x2  
  47  4:23  Probe (Chrono Boost)  
  53  4:26  Charge  
  53  4:28  Nexus  
  53  4:30  Pylon  
  53  4:36  Probe (Chrono Boost)  
  54  4:38  Probe (Chrono Boost)  
  55  4:48  Probe (Chrono Boost)  
  55  4:49  Probe (Chrono Boost)  
  57  4:54  Gateway  
  57  4:55  Assimilator  
  57  4:56  Gateway  
  57  4:58  Probe (Chrono Boost), Dark Templar x2  
  57  4:59  Archon  
  63  5:00  Probe (Chrono Boost)  
  63  5:02  Pylon  
  63  5:04  Archon  
  63  5:09  Probe (Chrono Boost), Pylon  
  63  5:13  Gateway  
  65  5:18  Warp Prism (Chrono Boost)  
  66  5:21  Gateway  
  66  5:24  Probe  
  67  5:29  Pylon  
  67  5:33  Probe  
  68  5:36  Probe  
  68  5:38  Zealot x2  
  73  5:43  Probe  
  73  5:44  Probe  
  73  5:46  Pylon  
  73  5:49  Forge  
  75  5:54  Probe  
  75  5:55  Probe  
  76  6:02  Zealot x4  
  85  6:05  Probe  
  86  6:14  Probe x2  
  88  6:21  Zealot x2  
  88  6:25  Zealot x4  
  94  6:37  Probe  
  91  6:40  Probe  
  91  6:42  Zealot x2  
  91  6:45  Zealot x4  
  91  6:46  Probe  
  100  6:50  Probe  
  100  6:51  Probe  
  100  6:54  Assimilator  
  97  6:57  Assimilator  
  95  7:05  Zealot x5  
  95  7:06  Zealot  
  97  7:17  Probe  
Tags
 
Add a new tag
Caveats
  • Supply blocks, unpowered buildings, or Contaminate may cause inaccurate times.
  • Supply counts are checked every 10 seconds.